 Dungeon Crawl Stone Soup version 0.30-a0-743-gbfdf073431 (webtiles) character file.

Game seed: 10162782855253385775

324 M4edhros the Sneak (level 6, -1/43 HPs)
             Began as an Octopode Delver on Feb 7, 2023.
             Slain by a killer bee (6 damage)
             ... on level 7 of the Dungeon.
             The game lasted 00:04:50 (605 turns).

M4edhros the Sneak (Octopode Delver)                 Turns: 605, Time: 00:04:51

Health: -1/43      AC:  1    Str: 12    XL:     6   Next: 48%
Magic:  6/6        EV: 14    Int: 12    God:
Gold:   92         SH:  0    Dex: 15    Spells: 5/5 levels left

rFire   . . .      SeeInvis .      - Unarmed
rCold   . . .      Faith    .    (no shield)
rNeg    . . .      Spirit   .    (helmet restricted)
rPois   .          Reflect  .    (no amulet)
rElec   .          Harm     .    m - ring of flight
rCorr   .          Rampage  .    (no ring)
Will    .....                    (no ring)
Stlth   ++++                     (no ring)
HPRegen 0.27/turn                (no ring)
MPRegen 0.10/turn                (no ring)
                                 (no ring)
                                 (no ring)

@: mighty, lethally poisoned (-1 -> -7), flying
A: almost no armour, amphibious, 8 rings, camouflage 1, gelatinous body 1,
(nimble swimmer 1), tentacles
a: no special abilities


You were on level 7 of the Dungeon.
You visited 1 branch of the dungeon, and saw 4 of its levels.

You collected 92 gold pieces.

Inventory:

Hand Weapons
 j - a +0 sling
Jewellery
 m - a ring of flight (left tentacle)
Wands
 e - a wand of digging (3)
 h - a wand of paralysis (8)
Scrolls
 a - a scroll of fog
 d - a scroll of noise {unknown}
 f - a scroll of blinking {unknown}
 g - a scroll of brand weapon {unknown}
 k - a scroll of identify {unknown}
 l - a scroll of enchant armour {unknown}
 o - a scroll of teleportation {unknown}


   Skills:
 + Level 4.1 Fighting
 + Level 3.4 Dodging
 - Level 6.6 Stealth
 - Level 5.2 Unarmed Combat


You had 5 spell levels left.
You didn't know any spells.
Your spell library was empty.

Dungeon Overview and Level Annotations

Branches:
Dungeon (7/15)
 Temple: D:4-7

Altars:
Ru

Shops:
D:6 :

Annotations:
D:5 3 runed translucent doors, vrbfk's ghost, novice MiFi


Innate Abilities, Weirdness & Mutations

You cannot wear most types of armour.
You are amphibious.
You can wear up to eight rings at the same time.
Your skin changes colour to match your surroundings (Stealth+).
Your rubbery body absorbs attacks. (AC +1, EV +1)
((You are camouflaged when in or above water. (Stealth+)))
You have tentacles for arms and can constrict up to eight enemies at once.


Message History

The killer bee barely misses you.
You tentacle-slap the killer bee but do no damage.
The killer bee is severely wounded.
You constrict the killer bee.
The killer bee stings you but does no damage.
The killer bee stings you.
You closely miss the killer bee.
The killer bee is almost dead.
You constrict the killer bee. The killer bee barely misses you.
The killer bee misses you.
You barely miss the killer bee.
The killer bee is almost dead.
You constrict the killer bee.
You kill the killer bee!
Your Fighting skill increases to level 4!
Okay, then.
The killer bee buzzes angrily.
You tentacle-slap the killer bee. Your grab misses the killer bee.
You squeeze the killer bee.
The killer bee is severely wounded.
The killer bee stings you.
You miss the killer bee. Your grab misses the killer bee.
The killer bee misses you. The killer bee barely misses you.
The killer bee closely misses you. The killer bee misses you.
The killer bee stings you!
The killer bee barely misses you. x2; The killer bee misses you.
The killer bee stings you.
You are poisoned.
The killer bee poisons you!
It was a potion of curing.
You feel better. The killer bee barely misses you.
The killer bee stings you. x2; The killer bee misses you.
The killer bee stings you! The killer bee stings you.
You are poisoned.
The killer bee poisons you!
It was a potion of might.
You feel very mighty all of a sudden.
You feel sick. The killer bee closely misses you. The killer bee stings you!
* * * LOW HITPOINT WARNING * * *
The killer bee completely misses you. The killer bee stings you.
You die...

**,** #.##..#,* * *,,***
#.#...#,* * **,,,** #######
###.#..##,* * ***,,* #.....#
##......#*,* * **,* #.....#
#..#.####*,** * *,* #.....#
###.##...,,,,,*
*******.**#.....###...######*****
**,,,,,..##.....#y..######*******
**,,,,,.........@..........,,,,,*
,,,,,,,#.......yy##########****,*
,,,,,,,*##....##.# *,* ,,,,,,,*
###.....# *,* ,,,,,,,* #.>..##
*,* ***,**** #....# *,* * *,*
#....# *,* * *,* #....# *,* * *,*
#.y..#**************,*


You could see 3 killer bees.

Vanquished Creatures
  A water moccasin (D:7)
  A killer bee (D:7)
  3 hounds
  A jelly (D:5)
  An iguana (D:5)
  A gnoll (D:5)
  An ufetubus (D:5)
  4 jackals (D:4)
  A quokka (D:4)
  A ball python (D:4)
15 creatures vanquished.

Notes
Turn   | Place    | Note
-------+----------+-------------------------------------------
     0 | D:5      | M4edhros the Octopode Delver began the quest for the Orb.
     0 | D:5      | Reached XP level 1. HP: 16/16 MP: 1/1
     2 | D:5      | Noticed an iguana
     5 | D:5      | Identified the +1 robe "Liq Satt" {Rampage rC+ Will- Dex+4}
    12 | D:5      | Noticed a hound
    26 | D:5      | Killed an iguana
    27 | D:5      | Reached XP level 2. HP: 6/21 MP: 2/2
    27 | D:5      | Reached XP level 3. HP: 7/26 MP: 3/3
    54 | D:6      | Noticed a scorpion
    83 | D:6      | Reached XP level 4. HP: 11/31 MP: 4/4
   186 | D:4      | Found a sacrificial altar of Ru.
   322 | D:5      | Reached skill level 5 in Unarmed Combat
   322 | D:5      | Reached XP level 5. HP: 36/36 MP: 5/5
   346 | D:5      | Found a runed translucent gate.
   346 | D:5      | Noticed a kobold brigand
   347 | D:5      | Found a runed translucent gate.
   347 | D:5      | Noticed vrbfk's ghost (novice MiFi)
   348 | D:5      | Found a runed translucent gate.
   527 | D:6      | Found Kear's Book Shoppe.
   561 | D:7      | Noticed a water moccasin
   569 | D:7      | Killed a water moccasin
   570 | D:7      | Reached XP level 6. HP: 37/43 MP: 6/6
   605 | D:7      | Slain by a killer bee

Illustrated notes

Levels and vault maps discovered:
D:4:      layout_loops_corners, mainiacjoe_overflow_brackets,
          old_standard_altar, chequers_serial_rivers_room_a,
          nicolae_eternal_life
D:5:      layout_cave_pools, gammafunk_ghost_nasty_kobolds, serial_column_ruins,
          column_ruins_hut, column_ruins_hut, column_ruins_grid_2,
          column_ruins_open_large, column_ruins_grid_1,
          column_ruins_corridor_corner, column_ruins_open_medium
D:6:      nicolae_cairo_tiling, layout_cave_pools,
          lemuel_zombie_altar_kikubaaqudgha, temple_statues, serial_shops,
          nicolae_shop_hallway_plus
D:7:      layout_basic, mainiacjoe_overflow_concentric_impassable,
          serial_corexii_hall, corexii_hall_statues_i, corexii_hall_statues_u

Skill      XL: |  1  2  3  4  5  6 |
---------------+-------------------+-----
Unarmed Combat | 3 4 5 |  5.2
Dodging        | 3 |  3.4
Fighting       | 4 |  4.1
Stealth        | |  6.6

Action                     |  1- 3 |  4- 6 || total
---------------------------+-------+-------++-------
  Melee: Unarmed           |     9 |    31 ||    40
         Tentacles         |     3 |    11 ||    14
         Constrict         |     3 |     6 ||     9
         Punch             |     1 |     1 ||     2
  Evoke: Wand              |     3 |     5 ||     8
    Use: Potion            |     1 |     3 ||     4
         Scroll            |       |     3 ||     3
   Stab: Sleeping          |       |     2 ||     2
         Paralysed         |       |     3 ||     3
         Distracted        |       |     1 ||     1
 Armour: Skin              |     1 |     3 ||     4
  Dodge: Dodged            |     1 |    26 ||    27

Table legend: (Time is in decaauts)
 A = Elapsed time spent in this place.
 B = Non-inter-level travel time spent in this place.
 C = Inter-level travel time spent in this place.
 D = Time resting spent in this place.
 E = Time spent auto-exploring this place.
 F = Levels seen in this place.
 G = Mean time per level.
                   A        B        C        D        E       F      G
               +--------+--------+--------+--------+--------+-----+--------+
         Total |    580 |    539 |     41 |     10 |      0 |   4 |  145.0 |
       Dungeon |    580 |    539 |     41 |     10 |      0 |   4 |  145.0 |
               +--------+--------+--------+--------+--------+-----+--------+

Top non-repeatable levels by time:
     D:5: 236 daAuts
     D:4: 160 daAuts
     D:6: 132 daAuts
     D:7: 50 daAuts
